 Dungeon Crawl Stone Soup version 0.27.1-33-g824d729ab1 (webtiles) character file.

Game seed: 9805509549537638740

121 MisterFreud the Magician (level 5, 0/55 HPs)
             Began as a Gnoll Wanderer on Dec 23, 2021.
             Was a Follower of Vehumet.
             Slain by a hobgoblin (4 damage)
             ... on level 3 of the Dungeon.
             The game lasted 00:06:09 (2861 turns).

MisterFreud the Magician (Gnoll Wanderer)           Turns: 2861, Time: 00:06:09

Health: 0/55       AC:  3    Str: 10    XL:     5   Next: 5%
Magic:  12/14      EV: 12    Int: 13    God:    Vehumet [*.....]
Gold:   94         SH:  0    Dex: 12    Spells: 15/18 levels left

rFire    + . .     SeeInvis .   q - +1 hand axe (elec)
rCold    x . .     Faith    .   (no shield)
rNeg     . . .     Spirit   .   d - +0 robe
rPois    .         Reflect  .   (no helmet)
rElec    .         Harm     .   (no cloak)
rCorr    .         Rampage  .   (no gloves)
Will     .....                  j - +0 pair of boots
Stlth    ..........             (no amulet)
HPRegen  0.18/turn              r - ring of fire
MPRegen  0.14/turn              (no ring)

@: berserking, very slightly contaminated, invisible, very quick
A: fangs 1, strong nose, distributed training
a: Renounce Religion


You were on level 3 of the Dungeon.
You worshipped Vehumet.
Vehumet was aware of your devotion.
You visited 1 branch of the dungeon, and saw 3 of its levels.

You collected 118 gold pieces.
You spent 24 gold pieces at shops.

Inventory:

Hand Weapons
 a - a +2 dagger
 e - a +0 broad axe
 i - a +2 short sword of holy wrath
 q - a +1 hand axe of electrocution (weapon)
Missiles
 f - 36 stones
Armour
 d - a +0 robe (worn)
 j - a +0 pair of boots (worn)
Jewellery
 r - a ring of fire (left hand)
Wands
 p - a wand of iceblast (9)
Scrolls
 g - 3 scrolls of identify
 h - a scroll of summoning {unknown}
 l - a scroll of magic mapping {unknown}
 n - 2 scrolls of enchant weapon {unknown}
 o - 3 scrolls of holy word {unknown}
Potions
 k - 4 potions of might


   Skills:
 + Level 1.3 Fighting
 + Level 2.9 Short Blades
 + Level 1.3 Long Blades
 + Level 1.3 Axes
 + Level 1.3 Maces & Flails
 + Level 1.3 Polearms
 + Level 1.3 Staves
 + Level 1.3 Slings
 + Level 1.3 Bows
 + Level 1.3 Crossbows
 + Level 2.9 Throwing
 + Level 1.3 Armour
 + Level 2.9 Dodging
 + Level 4.3 Stealth
 + Level 1.3 Shields
 + Level 1.3 Unarmed Combat
 + Level 7.2 Spellcasting
 + Level 1.1 Conjurations
 + Level 2.3 Hexes
 + Level 1.1 Summonings
 + Level 1.1 Necromancy
 + Level 2.3 Translocations
 + Level 1.1 Transmutations
 + Level 1.1 Fire Magic
 + Level 1.1 Ice Magic
 + Level 1.1 Air Magic
 + Level 1.1 Earth Magic
 + Level 1.1 Poison Magic
 + Level 1.5 Invocations
 + Level 1.3 Evocations


You had 15 spell levels left.
You knew the following spells:

 Your Spells              Type           Power      Damage    Failure   Level
a - Sandblast             Erth           14%        2d6       10%         1
b - Foxfire               Conj/Fire      44%        2x1d6     10%         1
c - Animate Skeleton      Necr           14%        N/A       10%         1

Your spell library contained the following spells:

 Spells                   Type           Power      Damage    Failure   Level
 Pain                     Necr           28%        1d5       10%         1
 Gell's Gravitas          Tloc           5%         N/A       17%         3
 Lesser Beckoning         Tloc           5%         N/A       17%         3
 Teleport Other           Tloc           10%        N/A       17%         3
 Stone Arrow              Conj/Erth      14%        3d7       28%         3
 Vampiric Draining        Necr           3%         2d6       28%         3


Dungeon Overview and Level Annotations

Branches:
Dungeon (3/15)

Altars:
Vehumet

Shops:
D:1 ?


Innate Abilities, Weirdness & Mutations

You have very sharp teeth.
Your uncanny sense of smell can sniff out nearby items.
Your experience applies equally to all skills.


Message History

It was a potion of invisibility.
You fade into invisibility!
The hobgoblin barely misses you. The orc priest barely misses you.
You are very lightly contaminated with residual magic.
You feel better. The hobgoblin closely misses you.
The orc priest invokes the aid of Beogh against you.
Beogh smites you!
* * * LOW HITPOINT WARNING * * *
You feel better. The hobgoblin hits you.
* * * LOW HITPOINT WARNING * * *
The orc priest closely misses you.
Casting: Sandblast (safe; 10% risk of failure)
Confirm with . or Enter, or press ? or * to list all spells.
Aiming: Sandblast (safe; 10% risk of failure)
Press: ? - help, Shift-Dir - straight line, f - orc priest, p - orc
Aim: an orc priest, wielding a +0 flail and wearing a +0 robe (78% to hit)
The blast of sand hits the orc priest.
The orc priest is moderately wounded.
The hobgoblin hits you but does no damage.
The orc priest hits you with a +0 flail.
* * * LOW HITPOINT WARNING * * *
Casting: Sandblast (safe; 10% risk of failure)
Confirm with . or Enter, or press ? or * to list all spells.
Aiming: Sandblast (safe; 10% risk of failure)
Press: ? - help, Shift-Dir - straight line, f/p - orc priest
Aim: an orc priest, wielding a +0 flail and wearing a +0 robe (moderately wounded, 78% to hit)
The blast of sand misses the orc priest.
The hobgoblin barely misses you.
The orc priest hits you with a +0 flail.
* * * LOW HITPOINT WARNING * * *
You feel better. The hobgoblin closely misses you.
The orc throws a stone.
The stone barely misses the hobgoblin.
The stone closely misses you.
The stone barely misses the orc priest.
The orc priest hits you with a +0 flail.
* * * LOW HITPOINT WARNING * * *
Unknown command.
A red film seems to cover your vision as you go berserk!
You feel yourself moving faster!
You feel mighty! The orc barely misses you. The hobgoblin hits you.
You die...

.....##.# .
.....#.# .#
#...###+###.#
#...o.....W#
#.####.#.### . #
#.o# #...#
...#.##.# #.###
......og# #{#
.##....@# #.#
.......o.##.##
###....#.##..#
#.... .###.##
##..# ...#..#
.... ##.##.###
.##..###......###
.#
##..##...##...###
#.....o.##.....##


You could see an orc priest, 2 orcs and a hobgoblin.

Vanquished Creatures
  An orc priest (D:3)
  4 adders (D:2)
  A dart slug (D:3)
  6 orcs
  4 bats
  5 endoplasms
  2 giant cockroaches (D:2)
  6 hobgoblins
  3 quokkas (D:2)
  6 ball pythons
  4 goblins
  2 kobolds
  A rat (D:1)
45 creatures vanquished.

Vanquished Creatures (others)
  40 foxfires
40 creatures vanquished.

Grand Total: 85 creatures vanquished

Notes
Turn   | Place    | Note
-------+----------+-------------------------------------------
     0 | D:1      | MisterFreud the Gnoll Wanderer began the quest for the Orb.
     0 | D:1      | MisterFreud set off with the following items: a +2 dagger,
                  | a potion of berserk rage, a potion of curing, a +0 robe;
                  | and the following spell memorised: Sandblast; and the
                  | following spells available to memorise: Stone Arrow
     0 | D:1      | Reached XP level 1. HP: 13/13 MP: 8/8
   365 | D:1      | Reached XP level 2. HP: 19/19 MP: 10/10
   835 | D:1      | Found Lepheoxkyoff's Magic Scroll Boutique.
   845 | D:1      | Bought a scroll of identify for 24 gold pieces
   956 | D:2      | Reached XP level 3. HP: 12/25 MP: 8/11
  1154 | D:2      | Reached skill level 1 in Invocations
  1232 | D:2      | Found a faded altar of an unknown god.
  1241 | D:2      | Became a worshipper of Vehumet
  1241 | D:2      | Reached * piety under Vehumet
  1241 | D:2      | Offered knowledge of Foxfire by Vehumet.
  1244 | D:2      | Learned a level 1 spell: Foxfire
  1393 | D:2      | Reached skill level 1 in Fighting
  1393 | D:2      | Reached skill level 1 in Long Blades
  1393 | D:2      | Reached skill level 1 in Axes
  1393 | D:2      | Reached skill level 1 in Maces & Flails
  1393 | D:2      | Reached skill level 1 in Polearms
  1393 | D:2      | Reached skill level 1 in Staves
  1393 | D:2      | Reached skill level 1 in Slings
  1393 | D:2      | Reached skill level 1 in Bows
  1393 | D:2      | Reached skill level 1 in Crossbows
  1393 | D:2      | Reached skill level 1 in Armour
  1393 | D:2      | Reached skill level 1 in Shields
  1393 | D:2      | Reached skill level 1 in Unarmed Combat
  1393 | D:2      | Reached skill level 1 in Evocations
  1510 | D:2      | Reached XP level 4. HP: 17/32 MP: 10/13
  2375 | D:2      | Learned a level 1 spell: Animate Skeleton
  2564 | D:3      | Reached skill level 1 in Conjurations
  2564 | D:3      | Reached skill level 1 in Summonings
  2564 | D:3      | Reached skill level 1 in Necromancy
  2564 | D:3      | Reached skill level 1 in Transmutations
  2564 | D:3      | Reached skill level 1 in Fire Magic
  2564 | D:3      | Reached skill level 1 in Ice Magic
  2564 | D:3      | Reached skill level 1 in Air Magic
  2564 | D:3      | Reached skill level 1 in Earth Magic
  2564 | D:3      | Reached skill level 1 in Poison Magic
  2631 | D:3      | Reached XP level 5. HP: 26/37 MP: 12/14
  2842 | D:3      | Noticed a phantom
  2856 | D:3      | HP: 1/37 [orc priest/divine providence (10)]
  2861 | D:3      | Slain by a hobgoblin

Illustrated notes

Levels and vault maps discovered:
D:1:      nzn_arrival_crosshair, layout_rooms, serial_shops, shop
D:2:      layout_basic, chequers_ecumenical_altar_simple_redux
D:3:      layout_rooms, lemuel_doored_altar, mainiacjoe_overflow_catwalk,
          amcnicky_altar_gilded, serial_shops, nicolae_lakefront_shop

Skill      XL: |  1  2  3  4 |
---------------+-------------+-----
Hexes          | 2 |  2.3
Translocations | 2 |  2.3
Invocations    | 1 |  1.5
Fighting       | 1 |  1.3
Long Blades    | 1 |  1.3
Axes           | 1 |  1.3
Maces & Flails | 1 |  1.3
Polearms       | 1 |  1.3
Staves         | 1 |  1.3
Slings         | 1 |  1.3
Bows           | 1 |  1.3
Crossbows      | 1 |  1.3
Armour         | 1 |  1.3
Shields        | 1 |  1.3
Unarmed Combat | 1 |  1.3
Evocations     | 1 |  1.3
Conjurations   | 1 |  1.1
Summonings     | 1 |  1.1
Necromancy     | 1 |  1.1
Transmutations | 1 |  1.1
Fire Magic     | 1 |  1.1
Ice Magic      | 1 |  1.1
Air Magic      | 1 |  1.1
Earth Magic    | 1 |  1.1
Poison Magic   | 1 |  1.1
Short Blades   | |  2.9
Throwing       | |  2.9
Dodging        | |  2.9
Stealth        | |  4.3
Spellcasting   | |  7.2

Action                   |  1- 3 |  4- 6 || total
-------------------------+-------+-------++-------
Melee: Dagger            |    17 |       ||    17
       Short sword       |    25 |    13 ||    38
       Bite              |     4 |     3 ||     7
       Hand axe          |       |     7 ||     7
 Cast: Sandblast         |    10 |    15 ||    25
       Foxfire           |     7 |    19 ||    26
  Use: Scroll            |     1 |       ||     1
       Potion            |       |     5 ||     5
 Stab: Sleeping          |     2 |     3 ||     5
Armor: Robe              |     7 |     6 ||    13
Dodge: Dodged            |    30 |    38 ||    68
